cohdb
Replays
Latest Replays
All Replays
Popular Replays
Top Player Replays
Match Explorer
How It Works
Community
CoH3 Stats
Reddit
Sign in to upload your games and track your stats! →
Sign in with Steam
Match 42221429
Unlisted
Match 42221429
Overview
Messages
Build Orders
End
Royal Engineer Section
Selects Canadian Shock Battlegroup
Construct Section Command Post
Infantry Section
Infantry Section
Infantry Section
Selects Attacking Spirit
Construct Platoon Command Post
Humber Armored Car
Construct Field Infirmary
Selects Canadian Shock Section
Selects Incendiary Munitions
Construct Company Command Post
Grenade Package
6-pounder Anti-tank Gun Team
Infantry Training
Vickers Machine Gun Team
Matilda II Heavy Tank
Selects Pyrotechnics
Selects Smoke Operation
Foot Guards Section
Crusader II Medium Tank
Unlock Bishop Self-propelled Artillery
Canadian Shock Section
Selects Demolition Engineering
Bishop Self-propelled Artillery
Matilda II Heavy Tank
Matilda II Heavy Tank
Chairman
Grand.G
0
0
Comments
sign in to comment!
No comments posted yet!